 Dungeon Crawl Stone Soup version 0.30.1-11-g7821555f0a (webtiles) character file.

Game seed: 1049723645572157785

72 lonewolfV2 the Trooper (level 4, 0/38 HPs)
             Began as a Formicid Fighter on Nov 16, 2023.
             Slain by Grinder (1 damage)
             ... on level 3 of the Dungeon.
             The game lasted 00:02:43 (2588 turns).

lonewolfV2 the Trooper (Formicid Fighter)           Turns: 2588, Time: 00:02:44

Health: 0/38       AC:  7    Str: 23    XL:     4   Next: 50%
Magic:  4/4        EV:  9    Int:  7    God:
Gold:   146        SH:  5    Dex: 13    Spells: 3/3 levels left

rFire   . . .        a - +0 war axe
rCold   . . .        c - +0 buckler
rNeg    . . .        b - +0 scale mail
rPois   .            (helmet unavailable)
rElec   .            (no cloak)
rCorr   .            (no gloves)
SInv    +            (no boots)
Will    .....        (no amulet) Stlth
                     (no ring)
HPRegen 0.26/turn    (no ring)
MPRegen 0.09/turn

%: no passive effects
@: mighty
A: permanent stasis, dig shafts and tunnels, antennae 3, four strong arms
a: Dig, Shaft Self


You were on level 3 of the Dungeon.
You visited 1 branch of the dungeon, and saw 3 of its levels.

You collected 146 gold pieces.

Inventory:

Hand Weapons
 a - a +0 war axe (weapon)
Armour
 b - a +0 scale mail (worn)
 c - a +0 buckler (worn)
Scrolls
 e - a scroll of poison {unknown}
 f - a scroll of brand weapon
 h - 3 scrolls of identify
 j - a scroll of teleportation {unknown}
Potions
 d - 2 potions of might


   Skills:
 + Level 4.5 Fighting
 - Level 2.0 Axes
 + Level 4.5 Armour
 - Level 4.0 Shields


You had 3 spell levels left.
You didn't know any spells.
Your spell library contained the following spells:

 Spells                   Type           Power      Damage    Failure   Level
 Apportation              Tloc           0%         N/A       80%         1
 Necrotise                Necr           0%         1d4       80%         1
 Summon Small Mammal      Summ           0%         N/A       80%         1
 Ensorcelled Hibernation  Hex/Ice        0%         N/A       90%         2
 Passwall                 Tmut/Erth      0%         N/A       90%         2
 Hailstorm                Conj/Ice       0%         3d3       99%         3
 Animate Dead             Necr           0%         N/A       100%        4
 Ice Form                 Ice/Tmut       0%         N/A       100%        4
 Simulacrum               Ice/Necr       0%         N/A       100%        6
 Haunt                    Necr/Summ      0%         N/A       100%        7
 Infestation              Necr           0%         N/A       100%        8
 Swiftness                Air            Unusable   N/A       N/A         3

Dungeon Overview and Level Annotations

Branches:
Dungeon (3/15)

Altars:
Ashenzari
Dithmenos
Fedhas
Makhleb
Xom

Shops:
D:3 [

Annotations:
D:3 1 runed translucent door, Crazy Yiuf, Grinder


Innate Abilities, Weirdness & Mutations

You cannot be hasted, slowed, berserked, paralysed or teleported.
You can dig through walls and to a lower floor.
You have a pair of large antennae on your head. (SInv)
Your four strong arms can wield two-handed weapons with a shield.


Message History

Grinder shouts!
Grinder moves out of view.
The hobgoblin moves out of view.
Grinder gestures at you. You resist with significant effort.
There are monsters nearby!
Grinder barely misses you.
You closely miss Grinder. Grinder barely misses you.
You hit Grinder.
Grinder is lightly wounded.
Grinder closely misses you.
You closely miss Grinder.
Grinder is lightly wounded.
Grinder hits you.
You writhe in agony.
Grinder hits you.
You writhe in agony.
You hit Grinder but do no damage.
Grinder is lightly wounded.
You block Grinder's attack.
You closely miss Grinder.
Grinder is lightly wounded.
You block Grinder's attack. Grinder hits you.
You writhe in agony.
You feel better. Grinder hits you.
You writhe in agony.
You feel very mighty all of a sudden. Grinder hits you!
* * * LOW HITPOINT WARNING * * *
You writhe in agony.
* * * LOW HITPOINT WARNING * * *
It was a potion of berserk rage.
Your stasis prevents you from going berserk.
Grinder blinks!
Unknown command.
Unknown command.
Unknown command.
The hobgoblin barely misses you.
You closely miss the hobgoblin. You block the hobgoblin's attack.
You hit the hobgoblin.
You kill the hobgoblin!
Grinder says, "I used to sell toenails on the black market."
You closely miss Grinder. Grinder hits you.
* * * LOW HITPOINT WARNING * * *
You writhe in agony.
You die...

#.#
#.##
#..#
##.#
#.###
#...#
###.#
#.#
#@#
#.5#
#.#.#
##..#
#.#
..#
###


You could see Grinder.

Vanquished Creatures
  3 adders
  A dart slug (D:3)
  An orc (D:3)
  5 ball pythons
  3 endoplasms
  A giant cockroach (D:3)
  8 goblins
  5 hobgoblins
  2 kobolds
  2 quokkas
  3 bats
  5 rats
39 creatures vanquished.

Notes
Turn   | Place    | Note
-------+----------+-------------------------------------------
     0 | D:1      | lonewolfV2 the Formicid Fighter began the quest for the
                  | Orb.
     0 | D:1      | Reached XP level 1. HP: 18/18 MP: 1/1
   179 | D:1      | Reached XP level 2. HP: 19/24 MP: 2/2
   450 | D:1      | Found a faded altar of an unknown god.
  1339 | D:2      | Reached XP level 3. HP: 29/30 MP: 3/3
  2010 | D:3      | Found a broken altar of Ashenzari.
  2017 | D:3      | Reached XP level 4. HP: 36/37 MP: 4/4
  2057 | D:3      | Found a burning altar of Makhleb.
  2230 | D:3      | Found Luhedd's Antique Armour Emporium.
  2429 | D:3      | Found a runed translucent door.
  2430 | D:3      | Noticed Crazy Yiuf
  2476 | D:3      | Found a broken altar of Ashenzari.
  2478 | D:3      | Found a blossoming altar of Fedhas.
  2478 | D:3      | Found a bloodstained altar of Trog.
  2480 | D:3      | Found a shimmering altar of Xom.
  2480 | D:3      | Found a stormy altar of Qazlal.
  2480 | D:3      | Found a shadowy altar of Dithmenos.
  2573 | D:3      | Noticed Grinder
  2583 | D:3      | HP: 1/38 [Grinder (2)]
  2588 | D:3      | HP: 1/38 [Grinder (2)]
  2588 | D:3      | Slain by Grinder

Illustrated notes

Levels and vault maps discovered:
D:1:      sevenhm_arrival_forest_fort_large_2, layout_basic,
          shapermc_ecumenical_altar_gd, kennysheep_boxes
D:2:      layout_basic, serial_co_window_serial, co_window_corner_a,
          co_window_paths_a, co_window_paths_a, co_window_corner_a,
          co_window_paths_a, co_window_corner_a, co_window_of_opportunity_a,
          co_window_cross_1, co_window_corner_a, co_window_corner_cb,
          co_window_corner_b, co_window_unsneaky_path_a, co_window_2corner,
          co_window_of_opportunity_b, co_window_broadway_a, co_window_broadway_b
D:3:      layout_basic, doesnt_xom_only_xom,
          mainiacjoe_overflow_large_starburst, serial_shops,
          nicolae_square_shop, roderic_roman_lattice, uniq_crazy_yiuf_cottage,
          uniq_grinder

Skill      XL: |  1  2  3 |
---------------+----------+-----
Armour         | 4 |  4.5
Fighting       | 4 |  4.5
Axes           | |  2.0
Shields        | |  4.0

Action                     |  1- 3 |  4- 6 || total
---------------------------+-------+-------++-------
  Melee: War axe           |    74 |    45 ||   119
    Use: Scroll            |     4 |       ||     4
         Potion            |       |     3 ||     3
 Armour: Scale mail        |    34 |    17 ||    51
  Dodge: Dodged            |    43 |    20 ||    63
  Block: Buckler           |    22 |     8 ||    30
